[Event "ICC tourney 1994 (90 10)"]
[Site "Internet Chess Club"]
[Date "2020.09.07"]
[Round "5"]
[White "Solidwrench2"]
[Black "jy2020"]
[Result "0-1"]
[ICCResult "White resigns"]
[WhiteElo "1946"]
[BlackElo "2244"]
[Opening "Sicilian: Najdorf, Opocensky variation"]
[ECO "B92"]
[NIC "SI.11"]
[Time "11:01:51"]
[TimeControl "5400+10"]

1. e4 c5 2. Nf3 d6 3. d4 cxd4 4. Nxd4 Nf6 5. Nc3 a6 6. Be2 e5 7. Nb3 Be7 8.
O-O O-O 9. Be3 Nbd7 10. a4 b6 11. Qd2 Bb7 12. f3 Qc7 13. Nd5 Nxd5 14. exd5
f5 15. f4 Rac8 16. c4 a5 17. Nc1 Ba6 18. b3 Rce8 19. Na2 Nc5 20. Qc2 Bf6 21.
Rab1 Bc8 22. Kh1 Bd7 23. Rbe1 Rf7 24. Nc3 exf4 25. Bxf4 Rfe7 26. Nb5 Bxb5
27. axb5 g6 28. Rf3 Re4 29. Kg1 Be5 30. Bxe5 R4xe5 31. Kf1 Qd8 32. Qd2 Qe7
33. Rh3 Ne4 34. Qd3 Ng5 35. Rg3 f4 36. Rg4 Re3 37. Qd2 Ne4 38. Qd4 Nc3 39.
Rxf4 Nxe2 40. Qd2 Nxf4 {White resigns} 0-1

[Event "ICC tourney 1994 (90 10)"]
[Site "Internet Chess Club"]
[Date "2020.09.07"]
[Round "5"]
[White "chessmate09520"]
[Black "apapneja"]
[Result "0-1"]
[ICCResult "White resigns"]
[WhiteElo "2060"]
[BlackElo "2019"]
[Opening "Alekhine's defense: Maróczy variation"]
[ECO "B02"]
[NIC "AL.10"]
[Time "11:01:48"]
[TimeControl "5400+10"]

1. e4 Nf6 2. d3 e5 3. f4 d6 4. Be2 Nc6 5. Nf3 g6 6. Nc3 Bg7 7. fxe5 dxe5 8.
Bg5 h6 9. Bh4 Be6 10. O-O g5 11. Bg3 Nd7 12. Nd2 Qe7 13. Nc4 O-O-O 14. Ne3
Nf6 15. Na4 Nxe4 16. Qe1 Nxg3 17. Qxg3 Rd4 18. c4 Rf4 19. Nc3 Nd4 20. Rfe1
c6 21. Bf1 h5 22. Reb1 h4 23. Qe1 h3 24. Ne2 hxg2 25. Bxg2 Nf3+ 26. Bxf3
Rxf3 27. Nf1 Bh3 28. Neg3 Bxf1 29. Nxf1 Qc5+ 30. Kh1 Qd4 31. Rd1 Qxb2 32.
Rd2 Rxf1+ 33. Qxf1 Qxd2 34. Qg1 e4 35. Rd1 Qe2 36. Rf1 Be5 37. Rf2 Qxf2 38.
Qxf2 Rxh2+ {White resigns} 0-1

[Event "ICC tourney 1994 (90 10)"]
[Site "Internet Chess Club"]
[Date "2020.09.07"]
[Round "5"]
[White "chessisthebest1"]
[Black "Blue-Elephant1"]
[Result "0-1"]
[ICCResult "White resigns"]
[WhiteElo "1878"]
[BlackElo "2102"]
[Opening "Sicilian: Kan, 5.Bd3"]
[ECO "B42"]
[NIC "SI.42"]
[Time "11:01:54"]
[TimeControl "5400+10"]

1. e4 c5 2. Nf3 e6 3. d4 cxd4 4. Nxd4 a6 5. Bd3 Nf6 6. O-O Qc7 7. c4 Bd6 8.
h3 Nc6 9. Nxc6 dxc6 10. Be3 b6 11. c5 Bxc5 12. Bxc5 bxc5 13. Qc2 Qe5 14. Nd2
Nd7 15. Kh1 Qc7 16. f4 e5 17. f5 O-O 18. g4 a5 19. g5 Ba6 20. Bxa6 Rxa6 21.
Nf3 g6 22. f6 Rb6 23. Qf2 h5 24. gxh6 Nxf6 25. Ng5 Nh7 26. Nxh7 Kxh7 27. Qf6
Kxh6 28. Rg1 Qd8 29. Qxe5 Qd4 30. Qe7 Rbb8 31. Raf1 Rbe8 32. Qg5+ Kg7 33.
Rg4 Rh8 34. h4 Qe5 35. Rf5 Qxb2 36. e5 Qb1+ 37. Kh2 Qc2+ 38. Kh1 Re6 39. Rf6
Qb1+ 40. Kh2 Qb2+ 41. Kg1 Qxe5 42. Rxe6 Qxe6 {White resigns} 0-1

[Event "ICC tourney 1994 (90 10)"]
[Site "Internet Chess Club"]
[Date "2020.09.07"]
[Round "5"]
[White "tangent"]
[Black "kpthomas"]
[Result "1-0"]
[ICCResult "Black resigns"]
[WhiteElo "2306"]
[BlackElo "2101"]
[Opening "Catalan: closed, 5.Nf3"]
[ECO "E06"]
[NIC "CA.04"]
[Time "11:02:32"]
[TimeControl "5400+10"]

1. d4 Nf6 2. c4 e6 3. Nf3 d5 4. g3 Be7 5. Bg2 O-O 6. O-O c6 7. Qc2 b6 8. Rd1
Bb7 9. Nc3 Na6 10. b3 Rc8 11. e4 Nc7 12. Bb2 Na6 13. Rac1 Qc7 14. Ne5 Rfd8
15. Qe2 dxe4 16. Nxe4 c5 17. Ng5 h6 18. Ngxf7 Bxg2 19. Nxd8 Ba8 20. Nxe6 Qb7
21. d5 Nb4 22. Nf4 g5 23. a3 {Black resigns} 1-0

[Event "ICC tourney 1994 (90 10)"]
[Site "Internet Chess Club"]
[Date "2020.09.07"]
[Round "5"]
[White "IndianTerritory"]
[Black "xyzchessdude"]
[Result "1-0"]
[ICCResult "Black resigns"]
[WhiteElo "2019"]
[BlackElo "2039"]
[Opening "Sicilian"]
[ECO "B56"]
[NIC "SI.25"]
[Time "11:02:07"]
[TimeControl "5400+10"]

1. e4 c5 2. Nf3 Nc6 3. d4 cxd4 4. Nxd4 Nf6 5. Nc3 d6 6. Be3 Ng4 7. Bb5 Nxe3
8. Nxc6 Nxd1 9. Nxd8+ Kxd8 10. Rxd1 a6 11. Be2 e6 12. Na4 Kc7 13. Nc3 Bd7
14. f4 Bc6 15. Bf3 Be7 16. Ne2 b5 17. Nd4 Bb7 18. O-O Rhd8 19. c3 Rac8 20.
h3 Kb6 21. g3 g6 22. e5 Bxf3 23. Nxf3 dxe5 24. Nxe5 f6 25. Nf3 Rxd1 26. Rxd1
Rd8 27. Re1 Bc5+ 28. Kg2 Re8 29. Nd4 Bxd4 30. cxd4 Kc6 31. Kf3 Kd5 32. Rc1
Re7 33. Ke3 Kd6 34. Rc8 Rc7 35. Rd8+ Kc6 36. Ke4 b4 37. Kd3 a5 38. Re8 Kd6
39. Ra8 Rc1 40. Ra6+ Kd7 41. Rxa5 b3 42. axb3 Rg1 43. g4 Rg3+ 44. Kc4 Rxh3
45. Ra7+ Kd6 46. Ra6+ Kd7 47. b4 h5 48. gxh5 gxh5 49. Kc5 Rd3 50. Ra7+ Kd8
51. Rh7 Rb3 52. b5 Rxb2 53. Kd6 Kc8 54. Kxe6 Rxb5 55. d5 Rb4 56. Rh8+ Kb7
57. d6 Re4+ 58. Kd5 Re1 59. d7 Rd1+ 60. Ke6 Re1+ 61. Kxf6 {Black resigns}
1-0

[Event "ICC tourney 1994 (90 10)"]
[Site "Internet Chess Club"]
[Date "2020.09.07"]
[Round "5"]
[White "SkyAngel"]
[Black "tedchen"]
[Result "0-1"]
[ICCResult "White resigns"]
[WhiteElo "2121"]
[BlackElo "2363"]
[Opening "Sicilian: Canal-Sokolsky (Nimzovich-Rossolimo, Moscow) attack"]
[ECO "B51"]
[NIC "SI.01"]
[Time "11:01:58"]
[TimeControl "5400+10"]

1. e4 c5 2. Nf3 d6 3. Bb5+ Nd7 4. O-O a6 5. Bd3 Ngf6 6. Re1 b5 7. c4 Ne5 8.
Nxe5 dxe5 9. Be2 b4 10. a3 e6 11. d3 Be7 12. axb4 cxb4 13. Be3 O-O 14. Nd2
Nd7 15. Nb3 a5 16. Ra2 Nb8 17. d4 exd4 18. Qxd4 Bd7 19. Rd1 Qc7 20. Qb6 Qxb6
21. Bxb6 a4 22. Nc5 Bc6 23. e5 Rc8 24. f3 Na6 25. Nxa6 Rxa6 26. Bd4 b3 27.
Raa1 Rb8 28. Kf2 f6 29. f4 a3 30. bxa3 f5 31. Bf3 b2 32. Rab1 Bxa3 33. Rd2
Bxf3 34. Kxf3 Ra4 35. Rc2 Kf7 36. Ke3 Ke8 37. Kd3 Kd7 38. Rc3 Kc6 39. Kc2 h6
40. h4 g6 41. Be3 Rd8 42. Bf2 Bb4 43. Rd3 Rxd3 44. Kxd3 Ra3+ 45. Kc2 Bc3 46.
Bg1 g5 47. g3 g4 48. h5 Ra1 49. Bf2 Kb7 50. Bg1 Rxb1 51. Kxb1 Be1 52. Kxb2
Kc6 53. Kc2 Bxg3 54. Be3 Bh2 55. Kd3 g3 {White resigns} 0-1

[Event "ICC tourney 1994 (90 10)"]
[Site "Internet Chess Club"]
[Date "2020.09.07"]
[Round "5"]
[White "tcao"]
[Black "Xuanli28"]
[Result "1/2-1/2"]
[ICCResult "Game drawn by mutual agreement"]
[WhiteElo "1860"]
[BlackElo "2099"]
[Opening "Sicilian: dragon, classical, 8.O-O"]
[ECO "B73"]
[NIC "SI.15"]
[Time "11:01:53"]
[TimeControl "5400+10"]

1. e4 c5 2. Nf3 d6 3. d4 cxd4 4. Nxd4 Nf6 5. Nc3 g6 6. Be2 Bg7 7. Be3 Nc6 8.
O-O Bd7 9. f4 O-O 10. Nb3 a6 11. g4 Qc8 12. g5 Nh5 13. Bxh5 gxh5 14. Qxh5
Nb4 15. f5 Re8 16. g6 fxg6 17. fxg6 hxg6 18. Qxg6 Bh3 19. Qf7+ Kh8 20. Rf4
Bh6 21. Rh4 Qg4+ 22. Rxg4 Bxe3+ 23. Kh1 Bxg4 24. Rf1 Rg8 25. Nd1 Rg7 26.
Nxe3 Rxf7 27. Rxf7 Rg8 28. Nxg4 Rxg4 29. Rxe7 Nxc2 30. h3 Rg3 31. Kh2 Rg6
32. h4 Ne3 33. Kh3 Nd1 34. Rxb7 Nf2+ 35. Kh2 Nxe4 36. Nd4 Rg4 37. Nf3
{Game drawn by mutual agreement}
1/2-1/2

[Event "ICC tourney 1994 (90 10)"]
[Site "Internet Chess Club"]
[Date "2020.09.07"]
[Round "5"]
[White "KnightHopper"]
[Black "kapilank"]
[Result "1/2-1/2"]
[ICCResult "Game drawn by mutual agreement"]
[WhiteElo "2026"]
[BlackElo "1912"]
[Opening "Sicilian: Smith-Morra gambit"]
[ECO "B21"]
[NIC "SI.47"]
[Time "11:02:13"]
[TimeControl "5400+10"]

1. e4 c5 2. d4 cxd4 3. c3 Nf6 4. e5 Nd5 5. Nf3 Nc6 6. Be2 e6 7. cxd4 Bb4+ 8.
Bd2 d6 9. exd6 Qxd6 10. O-O O-O 11. Nc3 Bxc3 12. bxc3 b6 13. Qc1 Bb7 14. c4
Nde7 15. Bf4 Qd7 16. Qb2 Rfd8 17. Rfd1 Qe8 18. Rac1 Rd7 19. Rc2 Rad8 20.
Rcd2 Nf5 21. d5 exd5 22. cxd5 Nce7 23. Bb5 Ng6 24. Bxd7 Qxd7 25. Ne5 Nxe5
26. Bxe5 f6 27. Bf4 Rc8 28. f3 Qa4 29. Bg3 Ne3 30. Rc1 Rxc1+ 31. Qxc1 Nxd5
32. Qe1 Kf7 33. Qe4 Qc6 34. Re2 h6 35. Qg4 g6 36. h4 h5 37. Qe4 a5 38. Rc2
f5 39. Rxc6 fxe4 40. Rd6 Ba8 41. fxe4 Nc3 42. Rxb6 Bxe4 43. Be1 Nxa2 44.
Bxa5 Nc1 45. Kf2 Bf5 46. Kf3 Nd3 47. Bc3 Nc5 48. Kf4 Nd7 49. Rc6 Ke7 50. Kg5
Kf7 51. Rc4 Nf8 52. Rc7+ Nd7 53. Rb7 Ke6 54. Ra7 Nc5 55. Bd4 Ne4+ 56. Kh6
Kd5 57. Bb2 Nd6 58. Rg7 Ke4 59. Rxg6 Bxg6 60. Kxg6 Kf4 61. Kxh5 Nf5
{Game drawn by mutual agreement}
1/2-1/2

[Event "ICC tourney 1994 (90 10)"]
[Site "Internet Chess Club"]
[Date "2020.09.07"]
[Round "5"]
[White "dopolian"]
[Black "panss"]
[Result "0-1"]
[ICCResult "White resigns"]
[WhiteElo "2334"]
[BlackElo "2163"]
[Opening "Sicilian: Pelikan, Chelyabinsk variation"]
[ECO "B33"]
[NIC "SI.37"]
[Time "11:01:49"]
[TimeControl "5400+10"]

1. e4 c5 2. Nf3 Nc6 3. d4 cxd4 4. Nxd4 Nf6 5. Nc3 e5 6. Ndb5 d6 7. Bg5 a6 8.
Na3 b5 9. Nd5 Be7 10. Bxf6 Bxf6 11. c4 b4 12. Nc2 O-O 13. g3 a5 14. h4 Be6
15. Bg2 g6 16. Nxf6+ Qxf6 17. b3 Rfd8 18. O-O Ra7 19. Qd2 Qe7 20. Qe3 Rda8
21. f4 exf4 22. gxf4 a4 23. f5 Bd7 24. f6 Qf8 25. Rad1 axb3 26. axb3 Ra2 27.
Rd2 h5 28. c5 Ne5 29. cxd6 Ng4 30. Qd4 Qc8 31. Nxb4 Rxd2 32. Qxd2 Qc5+ 33.
Kh1 Bb5 34. Qd5 Qxd5 35. Nxd5 Bxf1 36. Bxf1 Rd8 37. Bh3 Rxd6 38. Bxg4 hxg4
39. b4 Re6 40. b5 Rxe4 41. Kg2 Rd4 42. Ne7+ Kf8 43. b6 Ke8 44. Nc6 Rd2+ 45.
Kg3 Rb2 46. Ne5 Rxb6 47. Nxg4 Kd7 48. Kf4 Ke6 49. Kg5 Rb5+ 50. Kh6 Rh5+ 51.
Kg7 Rxh4 52. Nf2 Rf4 53. Nh3 Rxf6 54. Ng5+ Ke7 {White resigns} 0-1

[Event "ICC tourney 1994 (90 10)"]
[Site "Internet Chess Club"]
[Date "2020.09.07"]
[Round "5"]
[White "blueeagle405"]
[Black "kingcaleb"]
[Result "0-1"]
[ICCResult "White resigns"]
[WhiteElo "1988"]
[BlackElo "2111"]
[Opening "QGD Slav defense"]
[ECO "D10"]
[NIC "SL.01"]
[Time "11:02:45"]
[TimeControl "5400+10"]

1. d4 d5 2. c4 c6 3. Nc3 Nf6 4. e3 Bf5 5. Nf3 e6 6. Be2 Nbd7 7. O-O h6 8. b3
Bd6 9. Bb2 O-O 10. Re1 Re8 11. Rc1 Ne4 12. Nxe4 Bxe4 13. Qd2 a5 14. Bc3 Bh7
15. a3 Nf6 16. c5 Ne4 17. Qb2 Bc7 18. b4 axb4 19. axb4 Qf6 20. Ra1 g5 21.
Rf1 Rxa1 22. Qxa1 g4 23. Ne5 h5 24. Bb2 Qg7 25. f3 gxf3 26. Nxf3 h4 27. Nxh4
Bxh2+ 28. Kxh2 Qg3+ 29. Kh1 Qxh4+ 30. Kg1 Ng3 31. Bf3 Qh1+ 32. Kf2 Qxf1+ 33.
Kxg3 Qxa1 34. Bxa1 Ra8 35. Bc3 Ra3 36. Bd2 f6 37. Kf4 Kf7 38. Bh5+ Bg6 39.
Bf3 Rd3 40. Bc1 Rc3 41. Bd2 Rc2 42. Be1 Be4 43. Bxe4 dxe4 44. Kxe4 Rxg2 45.
Bc3 Kg6 46. Be1 Kg5 47. Kf3 Rb2 48. Bg3 Rxb4 49. Bd6 Rb3 50. Ke4 Kg4 51. Bf4
Ra3 52. Bh6 Rc3 53. Bf4 e5 54. dxe5 fxe5 55. Kxe5 Rxc5+ 56. Kd6 Rb5 57. Be5
Kf3 58. Bd4 Ke4 59. Ba7 Rb3 60. Kc7 Kd5 61. Bb6 Rxb6 62. Kxb6 Ke4 63. Kxb7
c5 {White resigns} 0-1

[Event "ICC tourney 1994 (90 10)"]
[Site "Internet Chess Club"]
[Date "2020.09.07"]
[Round "5"]
[White "esrosenberg"]
[Black "saiabhi29"]
[Result "0-1"]
[ICCResult "White resigns"]
[WhiteElo "2195"]
[BlackElo "2079"]
[Opening "QGD Slav: Dutch variation"]
[ECO "D18"]
[NIC "SL.04"]
[Time "11:02:11"]
[TimeControl "5400+10"]

1. Nf3 d5 2. c4 c6 3. d4 Nf6 4. Nc3 dxc4 5. a4 Bf5 6. e3 e6 7. a5 Bb4 8. Qa4
Qe7 9. Bxc4 Nbd7 10. O-O O-O 11. Be2 Rfc8 12. Nh4 Ne4 13. Nxf5 exf5 14. Qb3
b6 15. a6 Bd6 16. g3 Ndf6 17. Bd3 Ng4 18. Nxe4 fxe4 19. Bxe4 Qxe4 20. f3 Qd5
21. Qxd5 cxd5 22. fxg4 Rc2 23. Rf2 Rac8 24. Rxc2 Rxc2 25. b3 b5 26. b4 Bxb4
27. Ba3 Bxa3 28. Rxa3 Rc4 29. Rb3 b4 30. Kf2 Kf8 31. Ke2 Ke7 32. Kd3 f6 33.
Rb1 Kd6 34. e4 Kc6 35. g5 fxg5 36. e5 Kd7 37. Rf1 Ke6 38. Rf8 Rc3+ 39. Kd2
Rc6 40. Re8+ Kf7 41. Rb8 Rxa6 42. Rb7+ Kg6 43. Rxb4 Kf5 44. Rb7 h6 45. Ke3
Ra3+ 46. Kf2 Ke4 47. Rxg7 Ra2+ 48. Kg1 Kxd4 49. e6 Re2 50. e7 a5 51. h4 a4
52. Kf1 Re5 53. Rh7 gxh4 54. Rxh6 Rxe7 55. Ra6 hxg3 56. Kg2 Re2+ 57. Kxg3
Ra2 58. Kf3 Kd3 59. Ra5 d4 60. Ra8 Ra1 61. Kg2 a3 62. Kh2 Kd2 63. Kg2 d3 64.
Kh2 Kd1 65. Rg8 Ra2+ 66. Kh1 Re2 67. Ra8 a2 68. Kg1 Kc1 69. Kf1 Kb1 70. Rb8+
Rb2 {White resigns} 0-1

[Event "ICC tourney 1994 (90 10)"]
[Site "Internet Chess Club"]
[Date "2020.09.07"]
[Round "5"]
[White "vedrau"]
[Black "Yucheng"]
[Result "0-1"]
[ICCResult "White resigns"]
[WhiteElo "1988"]
[BlackElo "1918"]
[Opening "Giuoco Piano"]
[ECO "C54"]
[NIC "IG.02"]
[Time "11:02:03"]
[TimeControl "5400+10"]

1. e4 e5 2. Nf3 Nc6 3. Bc4 Bc5 4. c3 Nf6 5. d3 d6 6. b4 Bb6 7. O-O h6 8.
Nbd2 O-O 9. a4 a5 10. b5 Ne7 11. Ba3 Re8 12. Qb3 Rf8 13. d4 Nd7 14. Rfe1 Ng6
15. Rad1 Qf6 16. Nf1 Ba7 17. Ne3 Nb6 18. Bf1 Be6 19. c4 exd4 20. Nxd4 Nxc4
21. Nxe6 Nxe3 22. Bb2 Qxe6 23. Qc3 Ne5 24. fxe3 Bc5 25. Re2 Qc4 26. Rd5 Qxc3
27. Bxc3 Nc4 28. Kf2 Nb6 29. Rf5 Nxa4 30. Ba1 Nb6 31. Rc2 Nd7 32. Bd3 b6 33.
e5 Nxe5 34. Be4 Rae8 35. Bd4 Ng4+ 36. Kf3 Nxh2+ 37. Kg3 Rxe4 38. Bxc5 dxc5
39. Kxh2 Rxe3 40. Rd2 Re7 41. Kh3 Ra8 42. Kg4 a4 43. Rfd5 a3 44. Rd8+ Re8
45. Rxe8+ Rxe8 46. Ra2 Ra8 47. Kf4 f6 48. Ke4 Kf7 49. Kd5 Ra7 50. Kc6 c4
{White resigns}
0-1

[Event "ICC tourney 1994 (90 10)"]
[Site "Internet Chess Club"]
[Date "2020.09.07"]
[Round "5"]
[White "BlueJay01"]
[Black "CARTERD253"]
[Result "1-0"]
[ICCResult "Black resigns"]
[WhiteElo "2116"]
[BlackElo "2211"]
[Opening "English opening"]
[ECO "A13"]
[NIC "RE.11"]
[Time "11:01:55"]
[TimeControl "5400+10"]

1. c4 e6 2. g3 d5 3. Bg2 Nf6 4. Nf3 Nbd7 5. b3 Bd6 6. Bb2 O-O 7. O-O c6 8.
d3 b5 9. Nbd2 Bb7 10. Qc2 Rc8 11. Rac1 Re8 12. d4 bxc4 13. bxc4 c5 14. Qb1
Qb6 15. Qa1 cxd4 16. Bxd4 Qa6 17. cxd5 Rxc1 18. Rxc1 e5 19. Bb2 Bxd5 20. e3
h6 21. Bf1 Qb7 22. Ne1 Rc8 23. Rxc8+ Qxc8 24. a3 Qc5 25. Qc1 Nb6 26. Qxc5
Bxc5 27. Nd3 Bd6 28. Nb4 Bb7 29. Nc4 Nxc4 30. Bxc4 a5 31. Nd3 e4 32. Nf4 g5
33. Bxf6 gxf4 34. exf4 Bxa3 35. Bc3 Bb4 36. Bxb4 axb4 37. Kf1 Kf8 38. Ke2
Ke7 39. Ke3 f5 40. Kd4 Kd6 41. Bb3 Ba6 42. Bc4 Bxc4 43. Kxc4 b3 44. Kxb3 Kd5
45. Kc3 Kc5 46. Kd2 Kd4 47. Ke2 h5 48. Kd2 Kc4 49. Ke3 Kc3 50. h3 Kc4 51. f3
exf3 52. Kxf3 Kd5 53. g4 fxg4+ 54. hxg4 hxg4+ 55. Kxg4 Ke6 56. Kg5 Kf7 57.
Kf5 Ke7 58. Kg6 Kf8 59. Kf6 Ke8 60. Kg7 {Black resigns} 1-0

[Event "ICC tourney 1994 (90 10)"]
[Site "Internet Chess Club"]
[Date "2020.09.07"]
[Round "5"]
[White "Zippycollar"]
[Black "edgehog"]
[Result "0-1"]
[ICCResult "White forfeits on time"]
[WhiteElo "1837"]
[BlackElo "2018"]
[Opening "QGD: classical variation (5.Bf4)"]
[ECO "D37"]
[NIC "QO.16"]
[Time "11:02:07"]
[TimeControl "5400+10"]

1. d4 d5 2. c4 e6 3. Nc3 Nf6 4. Nf3 Be7 5. Bf4 Nbd7 6. e3 O-O 7. Bd3 dxc4 8.
Bxc4 c5 9. O-O Nb6 10. Be2 Nbd5 11. Be5 b6 12. Rc1 Bb7 13. Qb3 Rc8 14. Rfd1
cxd4 15. Rxd4 Bc5 16. Rdd1 Nxc3 17. Rxc3 Qe7 18. Bxf6 Qxf6 19. Rd7 Bd5 20.
Qc2 a5 21. a3 Rfd8 22. Rxd5 Rxd5 23. b4 axb4 24. axb4 Ra8 25. bxc5 Ra1+ 26.
Bf1 Rdd1 27. Nd2 bxc5 28. Rxc5 g6 29. Rc3 Kg7 30. Rb3 Rac1 31. Qb2 e5 32.
Rc3 Ra1 33. Rd3 Qf5 34. Qb3 e4 35. Rd4 Qc8 36. Rc4 Qd7 37. Qb2+ Kh6 38. Rd4
Qc6 39. g3 Qa6 40. Rc4 Rxd2 41. Qxd2 Qxc4 {White forfeits on time} 0-1

[Event "ICC tourney 1994 (90 10)"]
[Site "Internet Chess Club"]
[Date "2020.09.07"]
[Round "5"]
[White "Jupiter435"]
[Black "paciorkowski"]
[Result "0-1"]
[ICCResult "White resigns"]
[WhiteElo "2389"]
[BlackElo "2480"]
[Opening "King's Indian: Kazakh variation"]
[ECO "E91"]
[NIC "KI.19"]
[Time "11:02:24"]
[TimeControl "5400+10"]

1. Nf3 Nf6 2. c4 g6 3. Nc3 Bg7 4. d4 O-O 5. e4 d6 6. Be2 Na6 7. O-O e5 8.
Be3 Qe7 9. Qc2 exd4 10. Nxd4 Re8 11. f3 c6 12. Bf2 Nc5 13. Rad1 Nfd7 14.
Rfe1 a5 15. Bf1 Ne5 16. Kh1 a4 17. Qd2 Qc7 18. h3 Qa5 19. Nc2 Bxh3 20. Qxd6
Bf8 21. Qf6 Bg7 22. Qd6 Bf8 23. Qf6 Bc8 24. Bd4 Bg7 25. Qh4 Ne6 26. Be3 h5
27. Qf2 Qc7 28. Rd2 a3 29. Nxa3 Rxa3 30. bxa3 Nxf3 31. gxf3 Bxc3 32. Red1
Bxd2 33. Rxd2 Qe5 34. Bh3 Nf4 35. Bxc8 Rxc8 36. Bd4 Qg5 37. Bc3 Ne6 38. Rd1
Rd8 39. Rxd8+ Qxd8 40. Qd2 Qxd2 41. Bxd2 Kf8 42. Kg2 Ke7 43. Be3 Kd6 44. f4
f5 45. exf5 gxf5 46. Kg3 b5 47. cxb5 cxb5 48. Kh4 Kd5 49. Kxh5 Ke4 50. Bb6
Nxf4+ 51. Kg5 Nd5 52. Bg1 f4 53. Kg6 f3 54. Kf7 Ke5 55. Bh2+ Kd4 56. Bg1+
Kc4 57. Ke6 Nc3 58. Kd6 Ne4+ 59. Kc6 f2 60. Bxf2 Nxf2 61. Kb6 Ne4 62. Ka5
Nc3 63. Kb6 Nxa2 64. Kc6 Nc3 65. Kb6 Nb1 66. a4 bxa4 {White resigns} 0-1

[Event "ICC tourney 1994 (90 10)"]
[Site "Internet Chess Club"]
[Date "2020.09.07"]
[Round "5"]
[White "musk6868"]
[Black "sushi96"]
[Result "0-1"]
[ICCResult "White resigns"]
[WhiteElo "2029"]
[BlackElo "2017"]
[Opening "Sicilian: Kan, 5.Bd3"]
[ECO "B42"]
[NIC "SI.42"]
[Time "11:01:57"]
[TimeControl "5400+10"]

1. e4 c5 2. Nf3 e6 3. d4 cxd4 4. Nxd4 a6 5. Bd3 Nf6 6. Nc3 Qc7 7. Qe2 d6 8.
O-O Be7 9. Be3 Nbd7 10. f4 b5 11. a3 Bb7 12. Rad1 Nc5 13. Bf2 Rc8 14. g4 d5
15. e5 Nfe4 16. Bxe4 Nxe4 17. Rd3 Bc5 18. Be3 O-O 19. Qf3 Rfe8 20. Nce2 b4
21. axb4 Bxb4 22. c3 Bf8 23. Rdd1 a5 24. Ra1 Ba6 25. Rfc1 Rb8 26. b3 Rec8
27. c4 Qd8 28. Rd1 Bb7 29. Qh3 Qe7 30. Rxa5 dxc4 31. bxc4 Rxc4 32. Ra7 Ra8
33. Rda1 Rxa7 34. Rxa7 Qb4 35. Qf1 Nc3 36. Ra1 Nxe2+ 37. Nxe2 Bc5 38. Qf2
Bxe3 39. Qxe3 h6 40. Rd1 Bd5 41. Qd3 Qc5+ 42. Nd4 Bb7 43. Qd2 Qd5 44. h3
Rxd4 {White resigns} 0-1

[Event "ICC tourney 1994 (90 10)"]
[Site "Internet Chess Club"]
[Date "2020.09.07"]
[Round "5"]
[White "Gfprasanna"]
[Black "shianen"]
[Result "1-0"]
[ICCResult "Black resigns"]
[WhiteElo "2140"]
[BlackElo "2191"]
[Opening "French: exchange variation"]
[ECO "C01"]
[NIC "FR.01"]
[Time "11:02:02"]
[TimeControl "5400+10"]

1. e4 e6 2. d4 d5 3. exd5 exd5 4. Nf3 Bd6 5. Bd3 Ne7 6. c3 h6 7. h3 c6 8.
Qc2 Qc7 9. Be3 Be6 10. Nbd2 Nd7 11. Nb3 Nf6 12. Nc5 Qc8 13. Nxe6 Qxe6 14.
O-O-O Ne4 15. Rhe1 O-O 16. Nd2 f5 17. f3 Nxd2 18. Bxd2 Qd7 19. g4 fxg4 20.
fxg4 Rf3 21. Re3 Rxe3 22. Bxe3 Rf8 23. Qe2 Qe6 24. Re1 Bg3 25. Bf2 Qxe2 26.
Rxe2 Bf4+ 27. Kc2 Kf7 28. Bh4 g5 29. Be1 Rd8 30. h4 Rd6 31. h5 Re6 32. Rxe6
Kxe6 33. a4 a6 34. b3 Ng8 35. Bf5+ Kd6 36. c4 Kc7 37. Bb4 Bd6 38. c5 Be7 39.
Ba5+ Kb8 40. Kd3 Nf6 41. Ke3 Ne8 42. Be6 Bf6 43. Bd7 Ng7 44. Kd3 Be7 45. b4
Bf6 46. Bb6 Be7 47. Ke3 Bf6 48. b5 axb5 49. axb5 cxb5 50. Bxb5 Ne6 51. c6
Bd8 52. Bc5 Nxc5 53. dxc5 bxc6 54. Bxc6 Kc7 55. Bxd5 Be7 56. Kd4 Kd7 57. Ke5
Bxc5 58. Kf6 Ke8 59. Kg7 Bf8+ 60. Kg6 Ke7 61. Bf7 Kd6 62. Kh7 Ke5 63. Kg8
Be7 64. Kg7 Bd8 65. Kxh6 Kf6 66. Bc4 Bb6 67. Kh7 Bd4 68. Kg8 Ke5 69. h6 Kf4
70. Be6 Ke5 71. Bc8 Kd6 72. h7 Kc7 73. Bf5 Kd6 74. h8=Q Bxh8 75. Kxh8
{Black resigns}
1-0

[Event "ICC tourney 1994 (90 10)"]
[Site "Internet Chess Club"]
[Date "2020.09.07"]
[Round "5"]
[White "SilverDuck"]
[Black "canary2016"]
[Result "0-1"]
[ICCResult "White resigns"]
[WhiteElo "1923"]
[BlackElo "2010"]
[Opening "Sicilian: Najdorf, Lipnitzky attack"]
[ECO "B86"]
[NIC "SI.13"]
[Time "11:01:55"]
[TimeControl "5400+10"]

1. e4 c5 2. Nf3 d6 3. d4 cxd4 4. Nxd4 Nf6 5. Nc3 a6 6. Bc4 e6 7. O-O b5 8.
Bb3 Be7 9. Re1 O-O 10. Qf3 Qc7 11. Bg5 Ne8 12. h4 Bf6 13. Rad1 h6 14. Bxf6
Nxf6 15. Qg3 Rd8 16. a3 Nc6 17. Rd2 Bb7 18. Kh2 Qb6 19. Red1 Nxd4 20. Rxd4
e5 21. R4d3 Nxe4 22. Qg6 Qxf2 23. Nxe4 Qxh4+ 24. Rh3 Qxe4 25. Qxf7+ Kh7 26.
Rg3 Qh4+ 27. Rh3 Qf4+ 28. Qxf4 exf4 29. Rhd3 Re8 30. R1d2 Rad8 31. Kg1 Re5
32. Kf2 d5 33. c4 bxc4 34. Bxc4 Rg5 35. Rd4 Kh8 36. Bb3 Rf5 37. Bc2 Rf6 38.
Bb3 g5 39. Kf3 Rfd6 40. Kg4 Bc6 41. Bc2 Kg7 42. b4 Bd7+ 43. Bf5 Be8 44. Be4
Kf6 45. Bc2 h5+ 46. Kf3 Re6 47. Kf2 Bc6 48. Bd1 Rh8 49. Bf3 Rd6 50. R4d3 Bb7
51. Bxd5 Rhd8 52. Be4 Rxd3 53. Rxd3 Rxd3 54. Bxd3 g4 55. b5 axb5 56. Bxb5 h4
57. Bd7 g3+ 58. Kf1 Ke5 59. a4 Kd4 60. Bh3 Kc4 61. Ke2 Kb4 62. Kd3 Kxa4 63.
Kd4 f3 64. gxf3 Bxf3 65. Ke3 Bc6 66. Be6 Kb4 67. Ke2 Kc5 68. Kf1 Kd4 69. Kg1
Ke3 70. Bh3 Kf4 71. Be6 Bf3 72. Bh3 Bg4 73. Bxg4 Kxg4 74. Kg2 h3+ 75. Kg1
Kf3 76. Kh1 g2+ 77. Kg1 h2+ {White resigns} 0-1

[Event "ICC tourney 1994 (90 10)"]
[Site "Internet Chess Club"]
[Date "2020.09.07"]
[Round "-"]
[White "paciorkowski"]
[Black "espark"]
[Result "1-0"]
[ICCResult "Black resigns"]
[WhiteElo "2489"]
[BlackElo "2299"]
[Opening "Réti opening"]
[ECO "A06"]
[NIC "QP.09"]
[Time "16:06:31"]
[TimeControl "5400+10"]
1. Nf3 d5 2. e3 Nf6 3. c4 e6 4. Nc3 Be7 5. b3 O-O 6. Bb2 c5 7. cxd5 Nxd5 8.
Qc2 Nc6 9. a3 b6 10. h4 Nxc3 11. Bxc3 f5 12. h5 Bf6 13. h6 g6 14. Rc1 Bd7
15. Bc4 Rb8 16. O-O Qe7 17. Rfd1 Rbc8 18. d4 cxd4 19. exd4 Kh8 20. Qb2 Rcd8
21. Re1 Qd6 22. Rcd1 Ne7 23. d5 exd5 24. Bxf6+ Rxf6 25. Bxd5 Bc6 26. Be6
{Black resigns} 1-0

[Event "ICC tourney 1994 (90 10)"]
[Site "Internet Chess Club"]
[Date "2020.09.07"]
[Round "6"]
[White "Goran21"]
[Black "pianoboy"]
[Result "1-0"]
[ICCResult "Black checkmated"]
[WhiteElo "2101"]
[BlackElo "1894"]
[Opening "Caro-Kann: exchange, Rubinstein variation"]
[ECO "B13"]
[NIC "CK.02"]
[Time "15:32:37"]
[TimeControl "5400+10"]

1. e4 c6 2. d4 d5 3. exd5 cxd5 4. Bd3 Nc6 5. c3 Nf6 6. Bf4 Bg4 7. Qb3 Qd7 8.
h3 Bh5 9. Nd2 e6 10. Ngf3 Bg6 11. Bb5 Bd6 12. Ne5 Qc7 13. Qa4 Rc8 14. Qxa7
O-O 15. Bxc6 bxc6 16. Qxc7 Bxc7 17. Nxg6 hxg6 18. Bxc7 Rxc7 19. Ke2 Rb8 20.
b4 Ne8 21. a4 Nd6 22. Rhb1 Kf8 23. Kd3 Ke7 24. c4 dxc4+ 25. Nxc4 Nxc4 26.
Kxc4 Kd6 27. a5 Rb5 28. f4 Ra7 29. Re1 f6 30. Re3 g5 31. Rae1 Re7 32. g3
gxf4 33. gxf4 Rbb7 34. f5 e5 35. dxe5+ fxe5 36. Rd1+ Kc7 37. Rde1 Kd6 38.
Rg1 Rf7 39. Rd1+ Kc7 40. Rxe5 Rb5 41. Rxb5 cxb5+ 42. Kxb5 Rxf5+ 43. Ka4 Rh5
44. Rf1 Rxh3 45. Rf7+ Kb8 46. Rxg7 Rh4 47. a6 Rf4 48. Ka5 Rf5+ 49. b5 Re5
50. Rg6 Ka7 51. Rd6 Rh5 52. Rd7+ Ka8 53. Kb6 Rh6+ 54. Kc7 Rh1 55. b6 Rc1+
56. Kd8 Rc8+ 57. Ke7 Rc1 58. Rd8+ Rc8 59. Rxc8# {Black checkmated} 1-0